 Dungeon Crawl Stone Soup version 0.19.5 (webtiles) character file.

263 Gargoyl the Skirmisher (level 6, -1/52 HPs)
             Began as a Ghoul Abyssal Knight on Apr 10, 2017.
             Was a Priest of Lugonu.
             Slain by a hobgoblin
             ... wielding a +0 club
              (3 damage)
             ... on level 3 of the Dungeon.
             The game lasted 00:05:47 (1579 turns).

Gargoyl the Skirmisher (Ghoul Abyssal Knight)       Turns: 1579, Time: 00:05:48

Health: -1/52      AC: 11    Str: 16    XL:     6   Next: 19%
Magic:  7/7        EV:  6    Int:  7    God:    Lugonu [***...]
Gold:   137        SH:  3    Dex: 10    Spells: 0 memorised, 5 levels left

rFire  . . .     SeeInvis .     h - +7 spear
rCold  + . .     Gourm    .     f - +0 chain mail
rNeg   + + +     Faith    .     n - +0 buckler
rPois  ∞         Spirit   .     (no helmet)
rElec  .         Reflect  .     d - +0 cloak {rPois}
rCorr  .         Harm     .     e - +0 pair of gloves
MR     .....                    (no boots)
Stlth  ..........               (no amulet)
                                (no ring)
                                (no ring)

@: rotting
A: rotting body, claws 1, carnivore 3, cold resistance 1, negative energy
resistance 3, slow regeneration 1, torment resistance, unbreathing
a: Depart the Abyss, Bend Space, Banish, Renounce Religion


You were on level 3 of the Dungeon.
You worshipped Lugonu.
Lugonu was most pleased with you.
You were not hungry.

You visited 1 branch of the dungeon, and saw 3 of its levels.
You visited the Abyss 1 time.

You collected 137 gold pieces.

Inventory:

Hand Weapons
 a - a +4 hand axe
 h - a +7 spear (weapon)
Missiles
 g - 5 tomahawks (quivered)
Armour
 d - a +0 cloak of poison resistance (worn)
 e - a +0 pair of gloves (worn)
 f - a +0 chain mail (worn)
 n - a +0 buckler (worn)
Scrolls
 j - 2 scrolls of identify
 m - a scroll of noise {unknown}
Potions
 b - 2 potions of lignification {unknown}
 i - a potion of ambrosia {unknown}
 l - 3 potions of might {unknown}
 o - a potion of cure mutation {unknown}
 q - a potion of degeneration {unknown}
 r - a potion of magic {unknown}
Comestibles
 c - 3 meat rations


   Skills:
 + Level 3.7 Fighting
 + Level 3.1(3.3) Axes
 + Level 1.6(2.6) Polearms
 * Level 3.0 Armour
 + Level 1.7 Dodging
 + Level 0.8 Shields
 * Level 3.4 Invocations


You had 5 spell levels left.
You didn't know any spells.

Dungeon Overview and Level Annotations

Branches:
Dungeon (3/15)

Altars:
Okawaru


Innate Abilities, Weirdness & Mutations

Your body is rotting away.
You thrive on raw meat.
You are immune to poison.
You have sharp fingernails.
You are carnivorous and can eat meat at any time.
Your flesh is cold resistant. (rC+)
You are immune to negative energy. (rN+++)
You regenerate slowly when monsters are visible.
You are immune to unholy pain and torment.
You can survive without breathing.


Message History

The crocodile bites you but does no damage.
You hit the crocodile.
You kill the crocodile!
Lugonu accepts your kill.
You can now banish your foes.
Your Armour skill increases to level 3!
You have reached level 6!
Your experience leads to an increase in your attributes!
Increase (S)trength, (I)ntelligence, or (D)exterity?
You feel agile. The hobgoblin hits you with a club.
* * * LOW HITPOINT WARNING * * *
The hobgoblin barely misses you.
You see here a rat corpse.
You butcher the rat corpse.
The hobgoblin hits you but does no damage.
Things that are here:
a chunk of flesh; a rat skeleton Eat a chunk of flesh? (ye/n/q)
You start eating the chunk of flesh.
The hobgoblin hits you with a club.
You die...

#. #. #.# #. #.# # #.
... .#. ##.## #.# ...
#...# #.###.#.#
###...####.##....#
#....@..#.....#..
#...g......##...
#.............##.#
..###....##...##.# #
....#..#..#..#)# #
....###.(.###...#.#####
#..#..#..#..#...........
...##...###...##########
.. ##.#####)#########..


You could see a hobgoblin.

Vanquished Creatures
  A crocodile (D:3)
  An orc priest (D:3)
  An orc wizard (D:3)
  5 adders
  4 worms
  A dart slug (D:1)
  A leopard gecko (D:2)
  3 orcs (D:3)
  A ball python (D:2)
  3 bats
  3 giant cockroaches
  8 goblins
  6 hobgoblins
  7 jackals
  A quokka (D:2)
  4 frilled lizards
  9 kobolds
  12 rats
71 creatures vanquished.

Notes
Turn   | Place    | Note
-------+----------+-------------------------------------------
     0 | Abyss:1  | Gargoyl the Ghoul Abyssal Knight began the quest for the Orb.
     0 | Abyss:1  | Reached XP level 1. HP: 19/19 MP: 1/1
    95 | Abyss:2  | Noticed a small abomination
   116 | Abyss:2  | Noticed an orc sorcerer
   118 | D:1      | Escaped the Abyss
   135 | D:1      | Reached * piety under Lugonu
   136 | D:1      | Reached skill level 1 in Dodging
   140 | D:1      | Reached XP level 2. HP: 10/26 MP: 2/2
   394 | D:1      | Reached XP level 3. HP: 31/31 MP: 3/3
   753 | D:2      | Found an iron altar of Okawaru.
   823 | D:2      | Reached ** piety under Lugonu
   873 | D:2      | Reached XP level 4. HP: 27/40 MP: 4/4
  1486 | D:3      | Reached XP level 5. HP: 31/46 MP: 6/6
  1489 | D:3      | Reached skill level 1 in Polearms
  1559 | D:3      | Noticed a crocodile
  1571 | D:3      | HP: 1/46 [crocodile (6)]
  1576 | D:3      | Killed a crocodile
  1576 | D:3      | Reached *** piety under Lugonu
  1576 | D:3      | Reached XP level 6. HP: 3/52 MP: 7/7
  1576 | D:3      | HP: 2/52 [hobgoblin/club (1)]
  1579 | D:3      | Slain by a hobgoblin

Skill      XL: |  1  2  3  4  5 |
---------------+----------------+-----
Armour         | 2 3 |  3.0
Dodging        | 1 |  1.7
Axes           | 2 3 |  3.1
Polearms       | 1 |  1.6
Invocations    | 3 |  3.4
Fighting       | |  3.7
Shields        | |  0.8

Action                   |  1- 3 |  4- 6 || total
-------------------------+-------+-------++-------
Melee: Hand axe          |    88 |    33 ||   121
       Spear             |       |   103 ||   103
Invok: Depart the Abyss  |     1 |       ||     1
  Use: Scroll            |     5 |     6 ||    11
  Eat: Chunk             |    12 |    23 ||    35
Armor: Leather armour    |    30 |    16 ||    46
       Chain mail        |       |    38 ||    38
Dodge: Dodged            |    63 |    45 ||   108
Block: Buckler           |       |    20 ||    20
